 Dungeon Crawl Stone Soup version 0.30-a0-626-gd6a5dd7a1f (webtiles) character file.

Game seed: 203810646086285470

110 acebull12 the Magician (level 5, 0/35 HPs)
             Began as a Djinni Fire Elementalist on Jan 11, 2023.
             Slain by a jackal (1 damage)
             ... on level 3 of the Dungeon.
             The game lasted 00:06:18 (1538 turns).

acebull12 the Magician (Djinni Fire Elementalist)   Turns: 1538, Time: 00:06:19

Health: 0/35       AC:  3    Str:  7    XL:     5   Next: 14%
Gold:   64         EV: 12    Int: 18    God:
                   SH:  0    Dex: 14

rFire   + + .      SeeInvis +    p - +2 short sword (speed)
rCold   x . .      Faith    .    (no shield)
rNeg    . . .      Spirit   .    a - +0 robe
rPois   ∞          Reflect  .    i - +0 helmet
rElec   .          Harm     .    (no cloak)
rCorr   .          Rampage  .    (no gloves)
Will    .....                    (boots unavailable)
Stlth   ++                       (no amulet)
HPRegen 0.25/turn                j - ring of see invisible
MPRegen 0.00/turn                (no ring)

@: flying, hasted, very quick
A: sickness immunity, fire resistance 2, cold vulnerability 1, float, innate
caster, HP casting, extra vitality 1
a: no special abilities


You were on level 3 of the Dungeon.
You visited 1 branch of the dungeon, and saw 3 of its levels.

You collected 64 gold pieces.

Inventory:

Hand Weapons
 h - a +1 dagger of holy wrath
 p - a +2 short sword of speed (weapon)
Missiles
 g - 24 stones
Armour
 a - a +0 robe (worn)
 i - a +0 helmet (worn)
Jewellery
 j - a ring of see invisible (left hand)
Scrolls
 e - a scroll of enchant armour {unknown}
 f - 2 scrolls of fear {unknown}
 k - a scroll of torment {unknown}
 m - a scroll of identify {unknown}
 o - 2 scrolls of poison {unknown}
Potions
 b - a potion of magic
 c - a potion of haste
 l - a potion of ambrosia {unknown}
 n - a potion of curing {unknown}


   Skills:
 + Level 2.5 Dodging
 + Level 2.1 Stealth
 * Level 3.9 Spellcasting


You couldn't memorise any spells.
You knew the following spells:

 Your Spells              Type           Power      Damage    Failure   Level
a - Foxfire               Conj/Fire      68%        2x1d7     3%          1
b - Scorch                Fire           34%        2d7       4%          2
c - Kindle Blastsparks    Fire/Tloc/Air  34%        2d12      9%          3
d - Inner Flame           Hex/Fire       17%        N/A       9%          3
e - Flame Wave            Conj/Fire      17%        2d7       30%         4
f - Slow                  Hex            68%        N/A       3%          1
g - Blink                 Tloc           34%        N/A       4%          2
Your spell library was empty.

Dungeon Overview and Level Annotations

Branches:
Dungeon (3/15)

Altars:

Annotations:
D:2 Sigmund


Innate Abilities, Weirdness & Mutations

You are immune to sickness and miasma.
You are immune to poison.
Your flesh is very heat resistant. (rF++)
You are vulnerable to cold. (rC-)
You float through the air rather than walking.
You learn spells naturally, not from books.
Your magical power is your life essence.
You have superior vitality. (+4 MHP)


Message History

Your magical contamination has completely faded away.
The ball python barely misses you. The ball python grabs you.
The ball python constricts you.
* * * LOW HITPOINT WARNING * * *
You reach down and open the door.
The ball python bites you but does no damage.
The ball python constricts you.
* * * LOW HITPOINT WARNING * * *
You escape the ball python's grasp.
Sigmund says, "Look into my eyes."
The jackal bites you.
* * * LOW HITPOINT WARNING * * *
There is an open door here.
The jackal attacks as you move away! The jackal barely misses you.
The jackal bites you.
* * * LOW HITPOINT WARNING * * *
The jackal bites you but does no damage.
The jackal attacks as you move away! The jackal closely misses you.
There is a stone staircase leading down here.
The jackal pauses to sniff the ground.
The jackal bites you.
* * * LOW HITPOINT WARNING * * *
The ball python misses you. The ball python barely misses you.
You fly downwards.
There is a stone staircase leading up here.
Casting: Blink (safe; 4% risk of failure)
Confirm with . or Enter, or press ? or * to list all spells.
Flames lash the ball python.
You kill the ball python!
* * * LOW HITPOINT WARNING * * *
The goblin shouts!
The adder hisses angrily.
The jackal misses you. The jackal closely misses you.
Casting: Scorch (safe; 4% risk of failure)
Confirm with . or Enter, or press ? or * to list all spells.
You don't have enough health to cast this spell.
You feel yourself speed up. The jackal misses you. The adder bites you.
* * * LOW HITPOINT WARNING * * *
Found a scroll labelled NOTTEI GINT.
The jackal bites you.
You die...

.....
.....
...
g.###+##
#.....#
#.....#
#..S..#
#..h..#
#..@..#
#.....#
#....##
#....#
#.....
##....#
.?...#
##+#..


You could see an adder and a jackal.

Vanquished Creatures
  An orc priest (D:2)
  Terence (D:2)
  An adder (D:2)
  A worm (D:2)
  2 dart slugs
  4 orcs (D:2)
  3 endoplasms
  3 giant cockroaches
  A goblin (D:2)
  3 hobgoblins
  2 jackals
  6 kobolds
  3 ball pythons
  6 bats
  2 rats (D:1)
39 creatures vanquished.

Vanquished Creatures (collateral kills)
  5 foxfires (D:2)
5 creatures vanquished.

Vanquished Creatures (others)
  105 foxfires
105 creatures vanquished.

Grand Total: 149 creatures vanquished

Notes
Turn   | Place    | Note
-------+----------+-------------------------------------------
     0 | D:1      | acebull12 the Djinni Fire Elementalist began the quest for
                  | the Orb.
     0 | D:1      | acebull12 set off with the following spells memorised:
                  | Foxfire, Scorch, Kindle Blastsparks, Inner Flame, Flame
                  | Wave.
     0 | D:1      | Reached XP level 1. HP: 15/15 MP: 0/0
   295 | D:1      | Reached XP level 2. HP: 20/21 MP: 0/0
   600 | D:1      | Reached skill level 3 in Spellcasting
   949 | D:2      | Noticed Sigmund
   991 | D:2      | Reached XP level 3. HP: 22/25 MP: 0/0
   991 | D:2      | Learned a level 1 spell: Slow
  1219 | D:2      | Reached XP level 4. HP: 27/31 MP: 0/0
  1345 | D:2      | Noticed Terence
  1389 | D:2      | Killed Terence
  1390 | D:2      | Reached XP level 5. HP: 29/35 MP: 0/0
  1390 | D:2      | Learned a level 2 spell: Blink
  1536 | D:3      | HP: 1/35 [adder (1)]
  1538 | D:3      | Slain by a jackal

Illustrated notes

Levels and vault maps discovered:
D:1:      moated_graveyard_arrival, layout_loops_ring, minmay_box_of_dots
D:2:      minmay_general_purpose_star, layout_basic,
          dreamdust_mushroom_princess, uniq_terence, uniq_sigmund
D:3:      layout_basic, demons_altar, fedhas_altar_2, serial_shops,
          shop_fountains, grunt_decor_cap, minivault_24

Skill      XL: |  1  2  3 |
---------------+----------+-----
Spellcasting   | 3 |  3.9
Stealth        | 2 |  2.1
Dodging        | |  2.5

Action                   |  1- 3 |  4- 6 || total
-------------------------+-------+-------++-------
Melee: Unarmed           |     1 |       ||     1
       Dagger            |    12 |     1 ||    13
 Cast: Foxfire           |    44 |    18 ||    62
       Scorch            |     1 |     5 ||     6
       Slow              |       |     1 ||     1
       Kindle Blastspark |       |     4 ||     4
       Blink             |       |     1 ||     1
  Use: Potion            |       |     1 ||     1
 Stab: Sleeping          |     1 |       ||     1
Armor: Robe              |     4 |     5 ||     9
Dodge: Dodged            |    15 |    35 ||    50

Table legend: (Time is in decaauts)
 A = Elapsed time spent in this place.
 B = Non-inter-level travel time spent in this place.
 C = Inter-level travel time spent in this place.
 D = Time resting spent in this place.
 E = Time spent auto-exploring this place.
 F = Levels seen in this place.
 G = Mean time per level.
                   A        B        C        D        E       F      G
               +--------+--------+--------+--------+--------+-----+--------+
         Total |   1536 |   1331 |    205 |    107 |    851 |   3 |  512.0 |
       Dungeon |   1536 |   1331 |    205 |    107 |    851 |   3 |  512.0 |
               +--------+--------+--------+--------+--------+-----+--------+

Top non-repeatable levels by time:
     D:1: 1052 daAuts
     D:2: 481 daAuts
     D:3: 3 daAuts
